 Dungeon Crawl Stone Soup version 0.14-a0-1036-g6cac21b (webtiles) character file.

63777 MackTheKnife the Cruncher (level 14, -5/124 HPs)
             Began as a Centaur Gladiator on Nov 24, 2013.
             Was a High Priest of Okawaru.
             Slain by an orc warrior
             ... wielding a +0,+0 orcish halberd
             ... led by an orc warlord
              (30 damage)
             ... on Level 3 of the Orcish Mines.
             The game lasted 01:06:59 (23980 turns).

MackTheKnife the Cruncher (Centaur Gladiator)      Turns: 23980, Time: 01:07:00

HP  -5/124       AC 25     Str 18      XL: 14   Next: 60%
MP  23/23        EV  9     Int  7      God: Okawaru [*****.]
Gold 2328        SH  0     Dex 15      Spells:  3 memorised,  6 levels left

Res.Fire  : + . .   See Invis. : +   y - +8,+2 lajatang (distort)
Res.Cold  : . . .   Warding    : .   L - +3 orc scale mail {rF+}
Life Prot.: . . .   Conserve   : .   (no shield)
Res.Poison: .       Res.Corr.  : .   c - +2 cap {SInv}
Res.Elec. : .       Clarity    : .   j - +0 cloak
Sust.Abil.: . .     Spirit.Shd : .   C - +0 pair of gloves
Res.Mut.  : .       Stasis     : .   p - +2 centaur barding {Fly}
Res.Rott. : .       Flight     : +   k - amulet of faith {!P}
Saprovore : . . .                    r - ring of protection from magic
                                     t - ring of regeneration

@: flying, heroism, drained, very quick, quite resistant to hostile
enchantments, very unstealthy
A: hooves 3, horns 1, deformed body, herbivore 1, speed 2, fast metabolism 1,
tough skin 3
a: Heroism, Finesse, Renounce Religion, Stop Flying


You were on level 3 of the Orcish Mines.
You worshipped Okawaru.
Okawaru was extremely pleased with you.
You were very hungry.

You visited 4 branches of the dungeon, and saw 24 of its levels.
You also visited: Ossuary.

You collected 2328 gold pieces.


Innate Abilities, Weirdness & Mutations

You have hooves in place of feet.
Armour fits poorly on your strangely shaped body.
You digest meat inefficiently.
You cover ground very quickly.
You have a fast metabolism.
You have extremely tough skin (AC +3).
You have a pair of small horns on your head.


   Skills:
 + Level 14.0(18.5) Fighting
 - Level 14.7(19.2) Staves
 - Level 2.6(7.2) Throwing
 - Level 8.0(12.6) Armour
 - Level 6.0(10.6) Dodging
 - Level 8.0(7.6) Invocations


You had 6 spell levels left.
You knew the following spells:

 Your Spells              Type           Power        Failure   Level  Hunger
c - Spectral Weapon       Hex/Chrm       #.......     100%        3    ####...
d - Repel Missiles        Chrm/Air       #.........   97%         2    ###....
s - Swiftness             Chrm/Air       #.........   97%         2    ###....

Inventory:

Hand weapons
 y - a +8,+2 lajatang of distortion (weapon)
 X - the -2,+2 lajatang of Quesamac {freeze, SInv}
   (You acquired it on level 7 of the Lair of Beasts)

   It has been specially enchanted to freeze those struck by it, causing extra
   injury to most foes and up to double damage against particularly susceptible
   opponents.
   It can also slow down cold-blooded creatures.
   It enhances your eyesight.
Armour
 c - a +2 cap of see invisible (worn)
 j - a +0 cloak (worn)
 p - a +2 centaur barding of flying (worn)
 C - a +0 pair of gloves (worn)
 L - a +3 orcish scale mail of fire resistance (worn)
Magical devices
 b - a wand of heal wounds (5)
 w - a wand of confusion (18)
 x - a wand of slowing (20)
 D - a wand of flame (2)
 O - a wand of invisibility (1)
 P - a wand of digging (5)
 U - a wand of fire (0)
Comestibles
 a - 2 sausages
 f - a bread ration
 h - 6 chokos
 l - 6 apples
 o - a pear
 z - 6 meat rations
 B - 8 strawberries
 W - 14 grapes
Scrolls
 e - 3 scrolls of fog
 m - 2 scrolls of identify
 n - 12 scrolls of remove curse
 H - 3 scrolls of fear
 K - 5 scrolls of teleportation
 N - 4 scrolls of blinking
Jewellery
 g - a +3 ring of evasion {unknown}
 k - an amulet of faith (around neck) {!P}
 r - a ring of protection from magic (right hand)
 t - a ring of regeneration (left hand)
Potions
 d - a potion of paralysis {unknown}
 i - 5 potions of invisibility
 s - 2 potions of magic
 u - 8 potions of curing
 v - 7 potions of restore abilities
 A - 2 potions of agility
 F - 2 potions of brilliance
 J - a potion of flight
 M - a potion of porridge
 S - 2 potions of resistance

·······▒▒·····
··▒···▒▒··o···· ··▒
······▒······o· ··▒
······'····▒▒ ▒▒··▒▒▒
······'o····▒▒▒▒▒·····▒
······▒o··············▒
)···▒·▒▒·····)··o·····▒
······▒ ▒·····)))·····▒
····▒·▒ ▒·······co····▒
······▒ ▒······)))·(··▒
····▒·▒ ▒···▒··))·····▒
······▒▒▒··▒▒▒····▒▒'▒▒
·)··▒·▒▒····▒·····▒ [▒
[))···▒···········▒ ▒
·)····'······()·%·▒
······')·········(▒
·)·)··▒··········▒▒


You could see 2 orc warriors.


Message History

* * * LOW HITPOINT WARNING * * *
The orc warrior hits you from afar with an orcish halberd.
* * * LOW HITPOINT WARNING * * *
The orc hits you but does no damage.
You closely miss the orc knight. You kick the orc knight.
The orc knight is almost dead.
The orc warrior hits you but does no damage.
The orc knight hits you with an orcish battleaxe!
* * * LOW HITPOINT WARNING * * *
Unknown command.
You closely miss the orc knight.
The orc knight is almost dead.
The orc warrior barely misses you. The orc hits you but does no damage.
Unknown command.
Evoke which item? (* to show all) (? for menu, Esc to quit)
Zapping:
b - a wand of heal wounds (6)
You feel much better.
This wand has 5 charges left.
The orc warrior closely misses you. The orc hits you with a runed scimitar.
* * * LOW HITPOINT WARNING * * *
The orc knight barely misses you.
The orc warrior hits you from afar with an orcish halberd!
* * * LOW HITPOINT WARNING * * *
You slice the orc knight!!
You kill the orc knight!
Okawaru accepts your kill. The orc warrior closely misses you.
You slice the orc!!
You kill the orc!
The orc warrior hits you from afar with an orcish halberd!
You die...

Action                   |  1- 3 |  4- 6 |  7- 9 | 10-12 | 13-15 || total
-------------------------+-------+-------+-------+-------+-------++-------
Melee: Quarterstaff      |    70 |   222 |   475 |  1271 |   140 ||  2178
       Lajatang          |       |       |       |       |   767 ||   767
Invok: Heroism           |       |       |     1 |    19 |    17 ||    37
       Finesse           |       |       |       |       |     2 ||     2
 Abil: Evoke Flight      |       |       |       |     1 |     1 ||     2
Evoke: Wand              |       |     1 |     1 |    41 |    21 ||    64
  Use: Potion            |     1 |       |     2 |     6 |     5 ||    14
       Scroll            |       |    19 |     5 |    15 |    15 ||    54
 Stab: Invisible         |       |       |       |    10 |    10 ||    20
       Fleeing           |       |       |       |     1 |     1 ||     2

Vault maps used:
D:1:      dpeg_entry_arbitrary_c
D:2:      makhleb_heckhound_becter
D:3:      firewood_loft, grunt_decor_one_mirror, minmay_misc_feat_enclosed,
          uniq_jessica
D:4:      amethyst_overflow_temple_binary, serial_shops, shop
D:5:      lemuel_zombie_altar_yredelemnul, first_bread, minmay_misc_feat_iff
D:6:      serial_shops, shop
D:7:      minmay_temple_entry_fiery, enter_ossuary_5
D:8:      old_standard_altar, old_standard_altar,
          grunt_lair_entry_elf_guard_hut, serial_shops, shop, uniq_erolcha,
          uniq_maurice, uniq_edmund, uniq_prince_ribbit1
D:9:      uniq_pikel
D:11:     slaughterhouse, uniq_nessos
D:12:     zombieorc2_lemuel, hangedman_ranch, pubby_dwantlair, uniq_joseph
Temple:   jpeg_temple_clearing_9
Orc:2:    serial_shops, shop_coins, uniq_nergalle
Orc:3:    minmay_orc_treasury, uniq_urug
Lair:1:   dragon1_lemuel
Lair:3:   guppyfry_snake_entry_garden, st_stairs_13, uniq_erica, uniq_gastronok
Lair:6:   minmay_shoals_entry_hut, basic_altar
Lair:7:   slime_altar_1, kilobyte_rumbling_trees
Lair:8:   guppyfry_lair_end_dragon
Ossuary:  ossuary_tomb_2

Notes
Turn   | Place    | Note
--------------------------------------------------------------
     0 | D:1      | MackTheKnife, the Centaur Gladiator, began the quest for the Orb.
     0 | D:1      | Reached XP level 1. HP: 18/18 MP: 0/0
   283 | D:1      | Reached skill level 3 in Staves
   440 | D:1      | Reached XP level 2. HP: 23/25 MP: 1/1
  1046 | D:2      | HP: 2/25 [adder (5)]
  1052 | D:2      | Reached XP level 3. HP: 14/30 MP: 2/2
  1090 | D:2      | HP: 3/30 [poisoned by an adder]
  1104 | D:2      | HP: 3/30 [poisoned by an adder]
  1110 | D:2      | HP: 2/30 [poisoned by an adder]
  1121 | D:2      | HP: 2/30 [poisoned by an adder]
  1133 | D:2      | HP: 3/30 [poisoned by an adder]
  1145 | D:2      | HP: 3/30 [poisoned by an adder]
  1163 | D:2      | HP: 3/30 [poisoned by an adder]
  1168 | D:2      | HP: 1/30 [poisoned by an adder]
  1502 | D:2      | Found a burning altar of Makhleb.
  1514 | D:2      | Reached skill level 4 in Staves
  1514 | D:2      | Reached XP level 4. HP: 30/38 MP: 2/2
  1997 | D:2      | Reached skill level 5 in Staves
  2278 | D:2      | Reached XP level 5. HP: 27/44 MP: 3/3
  2830 | D:3      | Noticed Jessica
  2838 | D:3      | Killed Jessica
  3437 | D:4      | Reached skill level 6 in Staves
  3447 | D:4      | Noticed wojtek's ghost (average DrTm)
  3865 | D:4      | Reached XP level 6. HP: 46/50 MP: 4/4
  4113 | D:4      | Found Scheogaonn's Weapon Shoppe.
  4175 | D:4      | Found a glowing silver altar of Zin.
  4182 | D:4      | Found a deep blue altar of Sif Muna.
  4316 | D:5      | Entered Level 5 of the Dungeon
  4407 | D:5      | Reached skill level 7 in Staves
  4507 | D:5      | Reached XP level 7. HP: 56/56 MP: 4/4
  4659 | D:5      | Reached skill level 8 in Staves
  4920 | D:5      | Found a basalt altar of Yredelemnul.
  4961 | D:6      | Found Boschui's Food Shop.
  4993 | D:6      | Reached skill level 9 in Staves
  4993 | D:6      | Reached XP level 8. HP: 55/63 MP: 5/5
  5501 | D:6      | Reached skill level 10 in Staves
  5838 | D:6      | Reached skill level 3 in Fighting
  5870 | D:6      | Reached skill level 4 in Fighting
  6016 | D:7      | Learned a level 3 spell: Spectral Weapon
  6307 | D:7      | Reached skill level 5 in Fighting
  6347 | D:7      | Reached XP level 9. HP: 68/72 MP: 6/6
  6424 | D:7      | Found a staircase to the Ecumenical Temple.
  6430 | Temple   | Entered the Ecumenical Temple
  6441 | Temple   | Became a worshipper of Warmaster Okawaru
  6527 | D:7      | Reached skill level 6 in Fighting
  6546 | D:7      | Found a sand-covered staircase.
  6551 | Ossuary  | Entered an ossuary
  6856 | D:8      | Found a radiant altar of Vehumet.
  6861 | D:8      | Noticed Edmund
  6863 | D:8      | Noticed Erolcha
  6885 | D:8      | Killed Edmund
  6894 | D:8      | Killed Erolcha
  6894 | D:8      | Acquired Okawaru's first power
  6894 | D:8      | Reached skill level 8 in Fighting
  7021 | D:8      | Reached skill level 9 in Fighting
  7349 | D:8      | Found a staircase to the Lair.
  7354 | D:8      | Reached skill level 10 in Fighting
  7354 | D:8      | Reached XP level 10. HP: 86/86 MP: 6/6
  7537 | D:8      | Found Otinel's Food Boutique.
  7668 | D:8      | Found a shattered altar of Ashenzari.
  7807 | D:8      | Reached skill level 1 in Armour
  7976 | D:8      | Noticed Maurice
  7977 | D:8      | Noticed Prince Ribbit
  7993 | D:8      | Killed Prince Ribbit
  7993 | D:8      | Reached skill level 2 in Armour
  8064 | D:8      | Killed Maurice
  8064 | D:8      | Reached skill level 3 in Armour
  8415 | D:8      | Reached skill level 4 in Armour
  8576 | D:9      | Noticed Pikel
  8744 | D:9      | Paralysed by a giant eyeball for 4 turns
  8945 | D:8      | Killed Pikel
  9136 | D:9      | Reached skill level 11 in Staves
  9308 | D:10     | Entered Level 10 of the Dungeon
  9687 | D:10     | Killed an unseen horror
 10079 | Lair:1   | Entered Level 1 of the Lair of Beasts
 10087 | Lair:1   | Reached XP level 11. HP: 93/93 MP: 7/7
 10230 | Lair:2   | Noticed a five-headed hydra
 10271 | Lair:1   | Acquired Okawaru's second power
 10356 | Lair:1   | Reached skill level 12 in Staves
 10667 | Lair:1   | Noticed a fire dragon
 10735 | Lair:1   | Killed a fire dragon
 10735 | Lair:1   | Reached skill level 5 in Armour
 11191 | Lair:1   | Reached skill level 6 in Armour
 11509 | Lair:2   | Received a gift from Okawaru
 11550 | Lair:2   | Killed a five-headed hydra
 11612 | Lair:2   | Got a shimmering leather armour {god gift}
 11624 | Lair:2   | Identified the +1 leather armour of the Gravedigger {rF++} (Okawaru gifted it to you on level 2 of the Lair of Beasts)
 11643 | Lair:2   | Noticed a five-headed hydra
 11655 | Lair:2   | Killed a five-headed hydra
 11655 | Lair:2   | Reached skill level 7 in Armour
 12465 | Lair:3   | Reached skill level 8 in Armour
 12818 | Lair:3   | Noticed Erica
 12829 | Lair:3   | Found a staircase to the Snake Pit.
 12863 | Lair:3   | Killed Erica
 12863 | Lair:3   | Reached skill level 3 in Dodging
 13018 | Lair:3   | Received a gift from Okawaru
 13064 | Lair:3   | Noticed an eight-headed hydra
 13072 | Lair:3   | Killed an eight-headed hydra
 13072 | Lair:3   | Reached skill level 4 in Dodging
 13072 | Lair:3   | Reached XP level 12. HP: 61/102 MP: 5/8
 13145 | Lair:3   | Noticed a six-headed hydra
 13154 | Lair:3   | Killed a six-headed hydra
 13361 | Lair:3   | Noticed Gastronok
 13414 | Lair:3   | Killed Gastronok
 13414 | Lair:3   | Reached skill level 5 in Dodging
 13726 | Lair:3   | Noticed an eight-headed hydra
 13745 | Lair:3   | Killed an eight-headed hydra
 13959 | Lair:3   | Reached skill level 6 in Dodging
 14146 | Lair:4   | Noticed a five-headed hydra
 14159 | Lair:4   | Killed a five-headed hydra
 15303 | Lair:5   | Reached skill level 13 in Staves
 15478 | Lair:5   | Learned a level 2 spell: Swiftness
 15481 | Lair:5   | Learned a level 2 spell: Repel Missiles
 16241 | Lair:6   | Got a smoking scale mail
 16344 | Lair:6   | Identified the cursed +0 scale mail of Starshine {rC++ Curse} (You found it on level 6 of the Lair of Beasts)
 16384 | Lair:6   | Received a gift from Okawaru
 16467 | Lair:6   | Got a sapphire quarterstaff {god gift}
 16468 | Lair:6   | Identified the +2,+0 quarterstaff "Ygibbuch" {crush, Dex+2} (Okawaru gifted it to you on level 6 of the Lair of Beasts)
 16468 | Lair:6   | Identified the +2,+0 quarterstaff "Ygibbuch" {crush, Dex+2} (Okawaru gifted it to you on level 6 of the Lair of Beasts)
 16792 | Lair:6   | Reached XP level 13. HP: 108/108 MP: 8/8
 16863 | Lair:6   | Found a bloodstained altar of Trog.
 16899 | Lair:6   | Reached skill level 14 in Staves
 17070 | Lair:6   | Found a staircase to the Shoals.
 17117 | Lair:7   | Found a viscous altar of Jiyva.
 17118 | Lair:7   | Found a staircase to the Slime Pits.
 17131 | Lair:7   | Received a gift from Okawaru
 17160 | Lair:7   | Gained mutation: You have a pair of small horns on your head. [potion of beneficial mutation]
 17757 | Lair:7   | Identified a scroll of acquirement
 17766 | Lair:7   | Got an encrusted lajatang
 17767 | Lair:7   | Identified the -2,+2 lajatang of Quesamac {freeze, SInv} (You acquired it on level 7 of the Lair of Beasts)
 17767 | Lair:7   | Identified the -2,+2 lajatang of Quesamac {freeze, SInv} (You acquired it on level 7 of the Lair of Beasts)
 17845 | Lair:8   | Entered Level 8 of the Lair of Beasts
 18673 | Lair:8   | Reached skill level 11 in Fighting
 19235 | D:11     | Noticed Nessos
 19265 | D:11     | Killed Nessos
 19516 | D:11     | Received a gift from Okawaru
 19640 | D:11     | Reached skill level 12 in Fighting
 19886 | D:11     | Reached skill level 1 in Invocations
 19895 | D:11     | Reached skill level 2 in Invocations
 19899 | D:11     | Reached skill level 3 in Invocations
 19906 | D:11     | Reached skill level 4 in Invocations
 19921 | D:11     | Received a gift from Okawaru
 19968 | D:11     | Reached XP level 14. HP: 71/121 MP: 17/19
 19974 | D:11     | Reached skill level 5 in Invocations
 20577 | D:12     | Reached skill level 6 in Invocations
 20843 | D:12     | Found a staircase to the Orcish Mines.
 20919 | D:12     | Reached skill level 7 in Invocations
 21245 | Orc:1    | Entered Level 1 of the Orcish Mines
 21507 | Orc:2    | Found Mathrer's Antique Armour Shop.
 21748 | Orc:2    | Noticed Nergalle
 21780 | Orc:1    | Reached skill level 8 in Invocations
 22018 | Orc:2    | Killed Nergalle
 22018 | Orc:2    | Received a gift from Okawaru
 22675 | Orc:3    | Found a staircase to the Elven Halls.
 22694 | Orc:3    | Reached skill level 13 in Fighting
 22928 | Orc:2    | Got a pitted quarterstaff {god gift}
 22929 | Orc:2    | Identified the +11,-1 quarterstaff of Gatuwi {freeze, +Rage rPois rN+ Str+3 Dex+2} (Okawaru gifted it to you on level 2 of the Orcish Mines)
 22929 | Orc:2    | Identified the +11,-1 quarterstaff of Gatuwi {freeze, +Rage rPois rN+ Str+3 Dex+2} (Okawaru gifted it to you on level 2 of the Orcish Mines)
 23006 | Orc:3    | Noticed an orc warlord
 23013 | Orc:3    | Noticed Urug
 23204 | Orc:3    | Killed an orc warlord
 23225 | Orc:3    | Received a gift from Okawaru
 23371 | Orc:3    | Killed Urug
 23783 | Orc:3    | Noticed an orc warlord
 23796 | Orc:3    | Killed an orc warlord
 23970 | Orc:3    | Reached skill level 14 in Fighting
 23980 | Orc:3    | Slain by an orc warrior

Vanquished Creatures
  2 orc warlords (Orc:3)
  Gastronok (Lair:3)
  An ettin (Orc:3)
  Nessos (D:11)
  Erica (Lair:3)
  2 fire dragons
  12 death yaks (D:11)
  Urug (Orc:3)
  6 hydras
  Nergalle (Orc:2)
  Erolcha (D:8)
  An unseen horror (D:10)
  2 hill giants (D:12)
  Pikel (D:8)
  A griffon (Lair:7)
  4 orc sorcerers (Orc:3)
  A cyclops (D:12)
  4 orc knights (Orc:3)
  Maurice (D:8)
  A spriggan druid (Lair:7)
  A black mamba (Lair:5)
  12 spiny frogs
  4 fire drakes
  8 komodo dragons
  A polar bear (Lair:7)
  5 trolls
  Prince Ribbit (D:8)
  4 slime creatures (D:12)
  2 basilisks (Lair:8)
  8 blink frogs (Lair:6)
  A boulder beetle (Lair:6)
  A snapping turtle (Lair:6)
  A grizzly bear (Lair:7)
  35 yaks
  4 humans (D:11)
  A deep elf fighter (D:8)
  2 sharks (Lair:1)
  A two-headed ogre (D:9)
  6 hippogriffs
  3 steam dragons
  5 wolves (Lair:6)
  Edmund (D:8)
  A hungry ghost (D:6)
  A swamp drake (Lair:8)
  2 mottled dragons (Lair:8)
  A slave (D:9)
  A black bear (Lair:2)
  2 nagas (Lair:3)
  5 porcupines
  3 sky beasts
  20 orc warriors
  3 giant goldfish (Lair:1)
  3 ice beasts
  11 centaurs
  8 ogres
  7 phantoms
  A big kobold (D:12)
  17 crocodiles
  7 giant frogs
  8 giant slugs
  5 wargs
  10 water moccasins
  A wyvern zombie (D:11)
  5 agate snails
  A manticore skeleton (D:9)
  3 killer bees (D:8)
  A giant goldfish zombie (D:5)
  2 jellyfish (Lair:1)
  An eye of draining (D:12)
  3 wights (D:8)
  3 electric eels (Lair:1)
  A goliath beetle (D:10)
  5 hounds
  2 jellies
  9 crimson imps
  2 water moccasin zombies (Ossuary)
  3 big fish
  11 iguanas
  17 orc priests
  3 scorpions
  A gnoll shaman (D:6)
  2 worker ants
  A centaur skeleton (D:8)
  24 orc wizards
  15 sheep
  2 big kobold zombies (Ossuary)
  A mottled dragon skeleton (D:12)
  7 ogre zombies (D:12)
  Jessica (D:3)
  An ogre skeleton (D:8)
  4 mummies
  16 adders
  A big fish zombie (D:5)
  9 gnolls
  57 green rats
  A worm zombie (D:6)
  A giant centipede (D:11)
  An inept item mimic (D:7)
  6 worms
  6 adder zombies (Ossuary)
  An adder skeleton (D:9)
  An iguana skeleton (D:7)
  A giant eyeball (D:9)
  10 giant geckos
  3 oozes
  110 orcs
  35 bats
  A bat zombie (D:8)
  4 giant cockroaches (D:2)
  11 hobgoblins
  20 jackals
  11 kobolds
  11 quokkas
  A giant newt (D:1)
  A giant spore (D:6)
  18 goblins
  A goblin skeleton (D:12)
  2 goblin zombies (D:12)
  2 hobgoblin skeletons
  8 hobgoblin zombies
  A jackal zombie (D:7)
  3 kobold zombies (Ossuary)
  2 orc skeletons
  22 orc zombies
  29 rats
  A rat skeleton (D:4)
  2 spectral orcs (Orc:2)
  10 ballistomycetes
820 creatures vanquished.

Vanquished Creatures (collateral kills)
  A hydra (Lair:3)
  A giant mite (Lair:3)
2 creatures vanquished.

Vanquished Creatures (others)
  A yak (Lair:3)
  A slave (D:9)
  A warg (Orc:3)
  A giant frog zombie (D:7)
  3 orcs
  2 giant spores
  A ballistomycete (D:8)
  A fungus (D:8)
  A plant (Lair:3)
12 creatures vanquished.

Grand Total: 834 creatures vanquished
